 Dungeon Crawl Stone Soup version 0.30-a0-879-ga8ba668304 (webtiles) character file.

Game seed: 5915685966986103664

75 jasper the Trooper (level 4, -1/35 HPs)
             Began as a Demonspawn Gladiator on Mar 13, 2023.
             Slain by an orc
             ... wielding a +0 falchion
              (6 damage)
             ... on level 2 of the Dungeon.
             The game lasted 00:01:49 (1181 turns).

jasper the Trooper (Demonspawn Gladiator)           Turns: 1181, Time: 00:01:50

Health: -1/35      AC:  5    Str: 14    XL:     4   Next: 11%
Magic:  4/4        EV: 11    Int: 12    God:
Gold:   41         SH:  0    Dex: 14    Spells: 3/3 levels left

rFire   . . .      SeeInvis .    a - +0 quarterstaff
rCold   . . .      Faith    .    (shield currently unavailable)
rNeg    . . .      Spirit   .    g - +0 ring mail
rPois   .          Reflect  .    (helmet restricted)
rElec   .          Rampage  .    (no cloak)
rCorr   .                        (no gloves)
Will    .....                    (no boots)
Stlth   +                        (no amulet)
HPRegen 0.25/turn                (no ring)
MPRegen 0.09/turn                (no ring)

@: no status effects
A: horns 1, demonic touch 1
a: no special abilities


You were on level 2 of the Dungeon.
You visited 1 branch of the dungeon, and saw 2 of its levels.

You collected 41 gold pieces.

Inventory:

Hand Weapons
 a - a +0 quarterstaff (weapon)
Missiles
 d - 3 throwing nets
 e - a javelin
 q - 7 stones (quivered)
Armour
 b - a +0 leather armour
 c - a +0 helmet
 g - a +0 ring mail (worn)
 k - a +0 plate armour
Scrolls
 h - 4 scrolls of identify {unknown}
 j - a scroll of blinking {unknown}
 p - a scroll of immolation
Potions
 f - a potion of lignification {unknown}
 i - 6 potions of curing {unknown}
 l - a potion of mutation {unknown}
 m - a potion of magic {unknown}
 n - a potion of flight {unknown}
 o - 3 potions of heal wounds {unknown}


   Skills:
 + Level 3.4 Fighting
 - Level 2.6 Staves
 - Level 1.7 Throwing
 - Level 2.6 Dodging
 * Level 2.3 Unarmed Combat


You had 3 spell levels left.
You didn't know any spells.
Your spell library was empty.

Dungeon Overview and Level Annotations

Branches:
Dungeon (2/15)

Altars:


Innate Abilities, Weirdness & Mutations

You have a pair of small horns on your head.
Your touch may inflict minor irresistible damage on your foes.


Message History

The adder bites you but does no damage. x2
You miss the adder.
The adder is heavily wounded.
The adder bites you but does no damage.
You hit the adder.
The adder is almost dead.
The adder completely misses you. The adder barely misses you.
You sock the adder!
You kill the adder!
You have reached level 4!
You feel clever.
Your demonic ancestry asserts itself...
A pair of horns grows on your head!
Your +0 helmet falls away!
You regained 3 hp, and now have 19/35 hp.
MP restored: 4 You hit the rat.
You headbutt the rat.
You kill the rat!
The orc closely misses you.
You barely miss the orc. You headbutt the orc, but do no damage.
The orc misses you.
You hit the orc but do no damage. The orc hits you but does no damage.
You hit the orc but do no damage. The orc hits you with a +0 falchion.
You take 5 damage, and have 15/35 hp.
You hit the orc.
The orc is lightly wounded.
The orc hits you with a +0 falchion.
* * * LOW HITPOINT WARNING * * *
You take 5 damage, and have 10/35 hp.
You hit the orc. Your headbutt misses the orc.
The orc is severely wounded.
The orc misses you.
You closely miss the orc. You headbutt the orc, but do no damage.
The orc is severely wounded.
The orc hits you with a +0 falchion.
* * * LOW HITPOINT WARNING * * *
You take 6 damage, and have 4/35 hp.
You completely miss the orc. You headbutt the orc, but do no damage.
The orc is severely wounded.
The orc hits you with a +0 falchion.
You die...

##...#...##
##.........#.# #.
#............# #####
#..###...........##
#...####..##...........#
.......##.###.........##
##.....##..##...K....##
#####........##o##### #
#.÷<......#@## #
#...#..#.....###### #
#...#.............# #
#.....##..........#
#.>.## ###........#
#...# #.........# #.###
##.)†......# #.#
#..#.......# #.#
##.##.......#


You could see an orc and a kobold.

Vanquished Creatures
  4 adders (D:2)
  A worm (D:2)
  4 bats (D:1)
  7 endoplasms
  3 giant cockroaches
  A goblin (D:1)
  3 hobgoblins
  3 kobolds
  3 ball pythons
  4 frilled lizards
  3 rats
36 creatures vanquished.

Notes
Turn   | Place    | Note
-------+----------+-------------------------------------------
     0 | D:1      | jasper the Demonspawn Gladiator began the quest for the
                  | Orb.
     0 | D:1      | Reached XP level 1. HP: 16/16 MP: 1/1
   256 | D:1      | Discovered your monstrous ancestry.
   256 | D:1      | Gained mutation: Your touch may inflict minor irresistible
                  | damage on your foes. [demonic ancestry]
   256 | D:1      | Reached XP level 2. HP: 23/23 MP: 2/2
   463 | D:1      | Reached skill level 1 in Unarmed Combat
   614 | D:1      | Reached skill level 3 in Fighting
   683 | D:1      | Found a faded altar of an unknown god.
   923 | D:2      | Reached XP level 3. HP: 29/29 MP: 3/3
  1174 | D:2      | Gained mutation: You have a pair of small horns on your
                  | head. [demonic ancestry]
  1174 | D:2      | Reached XP level 4. HP: 19/35 MP: 4/4
  1181 | D:2      | Slain by an orc

Illustrated notes

Levels and vault maps discovered:
D:1:      zelgadis_glass_arrival_small, layout_loops_ring,
          hellmonk_ecumenical_altar_blasted, minmay_pentomino_r4
D:2:      kennysheep_the_goblin_king, layout_rooms, basic_altar,
          minmay_small_reverse_x, uniq_natasha

Skill      XL: |  1  2  3 |
---------------+----------+-----
Unarmed Combat | 1 2 |  2.3
Fighting       | 3 |  3.4
Staves         | |  2.6
Throwing       | |  1.7
Dodging        | |  2.6

Action                     |  1- 3 |  4- 6 || total
---------------------------+-------+-------++-------
  Melee: Quarterstaff      |    87 |     8 ||    95
         Headbutt          |       |     4 ||     4
 Armour: Ring mail         |    29 |     1 ||    30
  Dodge: Dodged            |    57 |     3 ||    60

Table legend: (Time is in decaauts)
 A = Elapsed time spent in this place.
 B = Non-inter-level travel time spent in this place.
 C = Inter-level travel time spent in this place.
 D = Time resting spent in this place.
 E = Time spent auto-exploring this place.
 F = Levels seen in this place.
 G = Mean time per level.
                   A        B        C        D        E       F      G
               +--------+--------+--------+--------+--------+-----+--------+
         Total |   1200 |   1088 |    112 |     44 |    719 |   2 |  600.0 |
       Dungeon |   1200 |   1088 |    112 |     44 |    719 |   2 |  600.0 |
               +--------+--------+--------+--------+--------+-----+--------+

Top non-repeatable levels by time:
     D:1: 920 daAuts
     D:2: 279 daAuts
